 Dungeon Crawl Stone Soup version 0.28.0-62-gf88900778d (webtiles) character file.

Game seed: 10868187052817401723

247 cbfl8 the Covered (level 5, 0/46 HPs)
             Began as a Minotaur Fighter on Feb 13, 2024.
             Slain by a worm (6 damage)
             ... on level 3 of the Dungeon.
             The game lasted 00:01:37 (2079 turns).

cbfl8 the Covered (Minotaur Fighter)                Turns: 2079, Time: 00:01:38

Health: 0/46       AC:  8    Str: 20    XL:     5   Next: 85%
Magic:  4/4        EV:  9    Int:  5    God:
Gold:   87         SH:  5    Dex: 12    Spells: 4/4 levels left

rFire   . . .      SeeInvis .   a - +0 war axe
rCold   . . .      Faith    .   c - +0 buckler
rNeg    . . .      Spirit   .   b - +0 scale mail
rPois   .          Reflect  .   (helmet restricted)
rElec   .          Harm     .   (no cloak)
rCorr   .          Rampage  .   (no gloves)
Will    .....                   j - +0 pair of boots
Stlth   ..........              (no amulet)
HPRegen 0.15/turn               (no ring)
MPRegen 0.09/turn               (no ring)

@: slowed, very slow
A: horns 2, retaliatory headbutt
a: no special abilities


You were on level 3 of the Dungeon.
You visited 1 branch of the dungeon, and saw 3 of its levels.

You collected 126 gold pieces.
You spent 39 gold pieces at shops.

Inventory:

Hand Weapons
 a - a +0 war axe (weapon)
Armour
 b - a +0 scale mail (worn)
 c - a +0 buckler (worn)
 j - a +0 pair of boots (worn)
Scrolls
 e - 2 scrolls of identify {unknown}
 g - a scroll of amnesia {unknown}
 h - a scroll of enchant armour {unknown}
 i - 2 scrolls of teleportation
 l - a scroll of magic mapping {unknown}
Potions
 d - a potion of might
 f - 2 potions of curing {unknown}
 k - a potion of ambrosia {unknown}
 m - a potion of mutation {unknown}
 n - a potion of heal wounds {unknown}


   Skills:
 + Level 4.3 Fighting
 + Level 4.9 Axes
 + Level 4.9 Armour
 + Level 4.1 Shields
 * Level 2.1 Evocations


You had 4 spell levels left.
You didn't know any spells.
Your spell library was empty.

Dungeon Overview and Level Annotations

Branches:
Dungeon (3/15)

Altars:
Xom

Shops:
D:2 *

Annotations:
D:3 Jessica


Innate Abilities, Weirdness & Mutations

You have a pair of horns on your head.
You reflexively headbutt those who attack you in melee.


Message History

Unknown command.
You hit the ball python.
You kill the ball python!
You hit the worm. The worm bites you.
Unknown command.
You hit the worm. Your headbutt misses the worm.
The worm is moderately wounded.
Jessica points at you and mumbles some strange words.
You feel yourself slow down. The worm bites you.
Jessica gestures wildly.
Unknown command.
You hit the worm.
The worm is heavily wounded.
You hit Jessica. Jessica hits you with a +4 club!
The worm bites you but does no damage.
Jessica points at you and mumbles some strange words.
Pain shoots through your body!
Unknown command.
You are too injured to fight recklessly!
Unknown command.
You are too injured to fight recklessly!
Unknown command.
Unknown command.
You are too injured to fight recklessly!
You barely miss the worm.
The worm is heavily wounded.
You barely miss Jessica.
Jessica gestures wildly.
You block Jessica's attack. The worm bites you but does no damage.
Jessica hits you with a +4 club.
You hit Jessica. Your headbutt misses Jessica.
Jessica is moderately wounded.
You barely miss the worm. Jessica hits you with a +4 club.
* * * LOW HITPOINT WARNING * * *
The worm bites you.
* * * LOW HITPOINT WARNING * * *
You barely miss Jessica.
Jessica is moderately wounded.
You slash the worm! Jessica hits you but does no damage. The worm bites you.
You die...

#########..#
........#..#
.....$..#..#
........#..#
(.......#..#
......$.#..#
........#..#
......†@@†.#
......w.#..#
#########..#
.....(..#
#######.#
##.# #..#
#.## ##.#


You could see a worm and Jessica.

Vanquished Creatures
  Sigmund (D:3)
  3 adders
  3 worms (D:2)
  2 dart slugs
  2 orcs (D:3)
  6 endoplasms
  3 goblins
  2 hobgoblins (D:1)
  4 jackals (D:1)
  3 kobolds
  2 quokkas
  6 ball pythons
  7 bats
  6 rats
50 creatures vanquished.

Notes
Turn   | Place    | Note
-------+----------+-------------------------------------------
     0 | D:1      | cbfl8 the Minotaur Fighter began the quest for the Orb.
     0 | D:1      | Reached XP level 1. HP: 19/19 MP: 0/0
    29 | D:1      | Reached XP level 2. HP: 21/27 MP: 1/1
   133 | D:1      | You fall into a shaft and drop 1 floor!
   618 | D:2      | Reached skill level 1 in Evocations
   618 | D:2      | Reached XP level 3. HP: 19/33 MP: 2/2
   815 | D:2      | Found a shimmering altar of Xom.
   874 | D:2      | Found Wiucw's General Store.
   880 | D:2      | Bought a scroll of teleportation for 39 gold pieces
  1458 | D:1      | Found a faded altar of an unknown god.
  1629 | D:3      | Noticed Sigmund
  1647 | D:3      | Killed Sigmund
  1648 | D:3      | Reached XP level 4. HP: 15/40 MP: 3/3
  1648 | D:3      | Reached XP level 5. HP: 18/46 MP: 4/4
  2068 | D:3      | Noticed Jessica
  2079 | D:3      | Slain by a worm

Illustrated notes

Levels and vault maps discovered:
D:1:      heliophobic_arrival_ceremonial_halls, layout_rooms,
          dreamdust_ecumenical_altar_hidden_monk_grotto
D:2:      layout_loops_ring, serial_shops, shop, basic_altar,
          serial_bayou_lake_a
D:3:      layout_rooms, minivault_25, uniq_jessica, uniq_sigmund

Skill      XL: |  1  2  3 |
---------------+----------+-----
Armour         | 4 |  4.9
Axes           | 3 4 |  4.9
Shields        | 4 |  4.1
Evocations     | 1 2 |  2.1
Fighting       | 4 |  4.3

Action                   |  1- 3 |  4- 6 || total
-------------------------+-------+-------++-------
Melee: War axe           |    89 |    28 ||   117
       Headbutt          |    11 |     2 ||    13
Armor: Scale mail        |    44 |    15 ||    59
Dodge: Dodged            |    44 |    11 ||    55
Block: Buckler           |    31 |     8 ||    39
